 Dungeon Crawl Stone Soup version 0.24.0-1-gfbc8707122 (webtiles) character file.

Game seed: 6505798202441441582, levelgen mode: deterministic

308305 Johnny the Earth Mage (level 19, -4/160 HPs)
             Began as a Demigod Earth Elementalist on Oct 28, 2019.
             Shot with a bolt by a yaktaur captain (34 damage)
             ... on level 1 of the Vaults.
             The game lasted 01:32:24 (43438 turns).

Johnny the Earth Mage (Demigod Earth Elementalist) Turns: 43438, Time: 01:32:25

Health: -4/160     AC: 17    Str: 11    XL:     19   Next: 56%
Magic:  38/53      EV: 22    Int: 34    God:
Gold:   42         SH:  0    Dex: 16    Spells: 19/50 levels left

rFire    + . .     SeeInvis .   E - +1 trident "Aproixau" {freeze, rF+ rN+ MR+}
rCold    . . .     Gourm    .   (no shield)
rNeg     + . .     Faith    .   L - +4 troll leather armour
rPois    +         Spirit   .   p - +2 hat {Int+3}
rElec    .         Reflect  .   j - +0 cloak
rCorr    .         Harm     .   J - +2 pair of gloves
MR       ++...                  S - +2 pair of boots
Stlth    ++........             t - amulet of magic regeneration
HPRegen  0.76/turn              M - ring of magical power
MPRegen  0.58/turn              e - ring of poison resistance

@: no potions, studying Earth Magic
A: high mp 1
}: 2/15 runes: serpentine, barnacled
a: no special abilities


You were on level 1 of the Vaults.
You were not hungry.

You visited 7 branches of the dungeon, and saw 35 of its levels.
You also visited: Sewer.

You collected 3895 gold pieces.
You spent 3853 gold pieces at shops.

Inventory:

Hand Weapons
 k - the +11 morningstar "Focveruobu" {elec, +Rage rC- Str+5, unknown}
   (You found it on level 3 of the Elven Halls)

   Occasionally, upon striking a foe, it will discharge some electrical energy
   and cause terrible harm.
   It affects your strength (+5).
   It makes you vulnerable to cold.
   It lets you go berserk.
 E - the +1 trident "Aproixau" (weapon) {freeze, rF+ rN+ MR+}
   (You found it on level 3 of the Elven Halls)

   It has been specially enchanted to freeze those struck by it, causing extra
   injury to most foes and up to half again as much damage against particularly
   susceptible opponents.
   It can also slow down cold-blooded creatures.
   It protects you from fire.
   It protects you from negative energy.
   It affects your resistance to hostile enchantments.
 N - the +7 hand crossbow "Meotuus" {venom, Str+2 Int+4, unknown}
   (You found it on level 4 of the Shoals)

   It poisons the ammo it fires.
   It affects your strength (+2).
   It affects your intelligence (+4).
Missiles
 b - 3 stones (quivered)
Armour
 j - a +0 cloak (worn)
 p - a +2 hat of intelligence (worn)
 J - a +2 pair of gloves (worn)
 L - a +4 troll leather armour (worn)
 S - a +2 pair of boots (worn)
 T - the +5 helmet of Queghic {+Blink}
   (You found it on level 1 of the Shoals)

   It lets you blink.
Magical Staves
 D - an uncursed staff of energy
 O - an uncursed staff of earth
 Z - an uncursed staff of power
Jewellery
 e - a ring of poison resistance (right hand)
 l - an uncursed ring of protection from fire
 s - an uncursed ring of protection from magic
 t - an amulet of magic regeneration (around neck)
 w - an uncursed amulet of regeneration
 y - an uncursed ring of positive energy
 G - the amulet of Surprise {Faith rC+}
   (You found it on level 8 of the Dungeon)

   [amulet of faith]

   It allows you to gain divine favour quickly.
   It protects you from cold.
 K - an uncursed ring of see invisible
 M - a ring of magical power (left hand)
 W - an uncursed amulet of harm
Wands
 q - a wand of digging (23)
 I - a wand of paralysis (12)
Scrolls
 a - 22 scrolls of remove curse
 c - a scroll of fog
 m - 7 scrolls of immolation
 r - a scroll of torment
 v - 10 scrolls of teleportation
 U - 7 scrolls of blinking
 V - 3 scrolls of enchant armour
 X - 2 scrolls of holy word
Potions
 f - 17 potions of curing
 g - 5 potions of lignification
 h - 6 potions of flight
 i - 2 potions of invisibility
 o - 9 potions of brilliance
 u - 4 potions of heal wounds
 x - 5 potions of mutation
 B - 6 potions of might
 C - 2 potions of resistance
 F - 6 potions of haste
 P - 2 potions of ambrosia {unknown}
 Q - 2 potions of magic {unknown}
Books
 z - a manual of Earth Magic
Miscellaneous
 n - a lamp of fire
 R - a lightning rod (4/4)
 Y - a sack of spiders
Comestibles
 d - 43 rations


   Skills:
 - Level 12.0 Fighting
 - Level 14.2 Dodging
 - Level 1.7 Stealth
 + Level 16.0 Spellcasting
 - Level 0.8 Transmutations
 - Level 12.3 Ice Magic
 + Level 20.2 Earth Magic


You had 19 spell levels left.
You knew the following spells:

 Your Spells              Type           Power        Failure   Level  Hunger
a - Sandblast             Erth           ######       0%          1    None
b - Stone Arrow           Conj/Erth      ######       1%          3    None
c - Lee's Rapid Deconstr  Erth           ########..   0%          5    None
d - Petrify               Tmut/Erth      #######.     1%          4    None
e - Statue Form           Tmut/Erth      #######..    3%          6    #......
f - Iron Shot             Conj/Erth      #######...   4%          6    #......
g - Ozocubu's Refrigerat  Ice            #######...   1%          6    #......

Your spell library contained the following spells:

 Spells                   Type           Power        Failure   Level  Hunger
 Freeze                   Ice            ####         0%          1    None
 Animate Skeleton         Necr           N/A          1%          1    None
 Apportation              Tloc           ####..       1%          1    None
 Beastly Appendage        Tmut           ####..       1%          1    None
 Confusing Touch          Hex            ####..       1%          1    None
 Corona                   Hex            ####...      1%          1    None
 Magic Dart               Conj           ####         1%          1    None
 Sting                    Conj/Pois      ####         1%          1    None
 Summon Butterflies       Summ           ####....     1%          1    None
 Summon Small Mammal      Summ           ####         1%          1    None
 Ensorcelled Hibernation  Hex/Ice        ######       1%          2    None
 Passwall                 Tmut/Erth      #######.     1%          2    None
 Sticks to Snakes         Tmut           ####....     1%          2    None
 Throw Frost              Conj/Ice       ######       1%          2    None
 Ozocubu's Armour         Chrm/Ice       ######..     1%          3    None
 Ice Form                 Ice/Tmut       ######..     1%          4    None
 Leda's Liquefaction      Hex/Erth       #######...   1%          4    None
 Summon Ice Beast         Ice/Summ       ######..     1%          4    None
 Throw Icicle             Conj/Ice       ######..     1%          4    None
 Call Imp                 Summ           ####....     2%          2    None
 Searing Ray              Conj           ####..       2%          2    None
 Slow                     Hex            ####....     2%          2    None
 Swiftness                Chrm/Air       ####....     2%          2    None
 Spider Form              Tmut/Pois      ####......   4%          3    None
 Metabolic Englaciation   Hex/Ice        ######....   4%          5    None
 Call Canine Familiar     Summ           ####....     5%          3    None
 Confuse                  Hex            ####....     5%          3    None
 Dazzling Spray           Conj/Hex       ####..       5%          3    None
 Gell's Gravitas          Tloc           ####......   5%          3    None
 Inner Flame              Hex/Fire       ####....     5%          3    None
 Lesser Beckoning         Tloc           ####......   5%          3    None
 Portal Projectile        Hex/Tloc       ####..       5%          3    None
 Recall                   Summ/Tloc      N/A          5%          3    None
 Summon Guardian Golem    Hex/Summ       ####....     5%          3    None
 Tukima's Dance           Hex            ####....     5%          3    None
 Cause Fear               Hex            ####......   19%         4    None
 Force Lance              Conj/Tloc      ####....     19%         4    None
 Fulminant Prism          Conj/Hex       ####......   19%         4    None
 Iskenderun's Mystic Bla  Conj           ####....     19%         4    None
 Passage of Golubria      Tloc           N/A          19%         4    None
 Summon Lightning Spire   Summ/Air       ####....     19%         4    None
 Bolt of Cold             Conj/Ice       ######....   22%         6    #......
 Simulacrum               Ice/Necr       ######....   22%         6    #......
 Blade Hands              Tmut           ####......   36%         5    None
 Alistair's Intoxication  Tmut/Pois      ####....     41%         5    None
 Yara's Violent Unravell  Hex/Tmut       ####......   41%         5    None
 Aura of Abjuration       Summ           ####......   45%         5    None
 Silence                  Hex/Air        ####......   45%         5    None
 Freezing Cloud           Conj/Ice/Air   ######....   47%         6    #......
 Conjure Ball Lightning   Conj/Air       ####......   96%         6    #......
 Darkness                 Hex            ####......   96%         6    #......
 Deflect Missiles         Chrm/Air       ####......   96%         6    #......
 Invisibility             Hex            ####....     96%         6    #......
 Dragon Form              Tmut           ####......   100%        7    ####...
 Tornado                  Air            ####......   100%        9    #######


Dungeon Overview and Level Annotations

Branches:
Dungeon (15/15)            Temple (0/1) D:5            Lair (6/6) D:8
 Shoals (4/4) Lair:4        Snake (4/4) Lair:4        Slime (0/5) Lair:6
    Orc (2/2) D:9             Elf (3/3) Orc:2        Vaults (1/5) D:14
 Depths (0/5) D:15          Sewer (visited)

Shops:
D:7 (   D:9 }   D:11 !   D:13 }   D:14 [   Orc:1 [[}[%   Orc:2 *}%=
Elf:1 [[*}   Snake:2 (((   Vaults:1 ?

Portals:
Trove: Elf:1 (give 8 potions of haste)

Annotations:
D:3 2 transporters, Scuka's ghost, amateur BaFi
Lair:2 2 transporters
Lair:5 1 runed translucent door, Hops's ghost, journeyman MiBe


Innate Abilities, Weirdness & Mutations

You have an increased reservoir of magic. (+10% MP)


Message History

The ironbrand convoker is heavily wounded.
The yaktaur is moderately wounded.
The yaktaur captain is moderately wounded. x2
The deep elf knight is moderately wounded.
You kill the ironbrand convoker!
The yaktaur captain wields a +2 arbalest of velocity.
The yaktaur captain shoots a bolt.
The bolt hits you!!
The yaktaur shoots a bolt.
The bolt hits you. The yaktaur captain hits you!!
Unknown command.
Unknown command.
Casting: Ozocubu's Refrigeration (safe; 1% risk of failure)
Confirm with . or Enter, or press ? or * to list all spells.
Okay, then.
The deep elf knight unwields a +0 longbow.
The deep elf knight hits you.
The yaktaur captain shoots a bolt.
The bolt hits you!!
* * * LOW HITPOINT WARNING * * *
x2 The yaktaur captain wields a +0 arbalest.
The yaktaur captain shoots a bolt.
The bolt hits you!!
You die...

+........#
#........#
#.....>..#
#.....cpc#
#....)...#
#∩.......#
#.c.....c#
#.....e(.#
#######@#####
#.......#
#.......#
#.......#
#.......#
#.......#
#.......#
#.......#
#.......#


You could see 2 yaktaur captains, a deep elf knight, an ironbrand convoker and 2
yaktaurs.

Vanquished Creatures
  Vashnia (Snake:3)
  Nikola (Snake:2)
  2 deep elf blademasters (Elf:3)
  A titan (Shoals:3)
  A deep elf master archer (Elf:3)
  Polyphemus (Shoals:3)
  A frost giant (Shoals:3)
  6 nagarajas (Snake:4)
  5 deep elf sorcerers (Elf:3)
  Louise (Shoals:2)
  2 deep elf elementalists
  A stone giant (Shoals:3)
  Nessos (Orc:2)
  3 deep elf demonologists (Elf:3)
  11 deep elf annihilators (Elf:3)
  Azrael (D:12)
  14 deep elf death magi
  Snorg (Orc:2)
  5 merfolk javelineers
  The ghost of Zaegoraum the Carver, a journeyman DsAK of Lugonu (Lair:4)
  5 deep elf high priests (Elf:3)
  A fire dragon (D:15)
  7 merfolk impalers
  Erolcha (Orc:2)
  A rakshasa (D:13)
  5 vault guards (Elf:1)
  An ice dragon (D:15)
  2 ogre magi (Orc:2)
  10 naga warriors
  Harold (D:9)
  8 hydras
  3 merfolk avatars (Shoals:4)
  5 merfolk aquamancers
  18 anacondas
  2 death knights (D:15)
  3 catoblepae
  2 alligator snapping turtles
  12 two-headed ogres
  4 centaur warriors
  23 dancing weapons
  2 satyrs (Shoals:3)
  8 death yaks
  A tengu warrior (D:10)
  16 naga sharpshooters
  Urug (Lair:3)
  A shock serpent (shapeshifter) (D:15)
  11 slime creatures
  Sonja (Lair:2)
  6 shock serpents
  22 deep elf knights
  5 salamander mystics
  14 sea snakes
  A skeletal warrior (D:14)
  A small abomination (Elf:2)
  2 deep trolls (Orc:2)
  4 unseen horrors
  18 deep elf archers
  Pikel (D:8)
  An ironbrand convoker (Vaults:1)
  6 naga ritualists
  A phantasmal warrior (D:15)
  5 lindwurms
  12 harpies
  17 mana vipers
  2 ugly things
  83 deep elf magi
  3 orc knights
  13 fauns
  5 manticores
  6 cyclopes
  9 salamanders
  2 centaur zombies
  6 merfolk sirens
  6 water nymphs
  46 black mambas
  8 guardian serpents
  2 gargoyles
  21 naga magi
  A guardian serpent (shapeshifter) (D:14)
  8 spiny frogs
  4 rime drakes
  9 komodo dragons
  3 yaktaurs (D:13)
  A kobold demonologist (D:14)
  2 freezing wraiths (D:15)
  An efreet (D:15)
  7 polar bears
  A tengu conjurer (D:10)
  13 wind drakes
  18 merfolk
  5 hornets (Lair:6)
  11 trolls
  19 blink frogs
  7 snapping turtles
  18 dream sheep
  A meliai zombie (D:12)
  17 hippogriffs
  12 spriggans (Lair:6)
  Sigmund (D:2)
  2 air elementals (Elf:2)
  2 wraiths
  4 vampires
  13 water elementals
  2 wyverns
  35 yaks
  4 fire elementals
  2 basilisks
  3 vampire mosquitoes (D:15)
  Menkaure (D:7)
  A steam dragon (D:13)
  4 wargs
  41 nagas
  3 hell hounds (D:12)
  10 water moccasins
  17 orc warriors
  10 porcupines
  2 ice beasts
  3 sky beasts
  25 ogres
  2 black bears (Lair:6)
  A phantom (D:11)
  29 wolves
  8 boggarts
  11 centaurs
  11 crocodiles
  8 big kobolds
  19 bullfrogs
  3 earth elementals
  A scorpion (D:11)
  A wyvern skeleton (D:14)
  12 killer bees
  4 wights (D:10)
  4 electric eels
  A howler monkey (D:5)
  3 crimson imps
  3 quasits
  A bullfrog zombie (D:12)
  13 orc priests
  8 hounds
  7 centaur skeletons
  4 bullfrog skeletons
  9 jellies
  4 iguanas
  19 orc wizards
  8 worker ants
  2 hound skeletons
  A worker ant zombie (D:7)
  A howler monkey zombie (D:7)
  Robin (D:2)
  4 gnolls (D:3)
  10 river rats (Sewer)
  10 adders
  A howler monkey skeleton (D:11)
  6 shadow imps
  18 oozes
  2 worms
  5 leopard geckos
  63 orcs
  3 ball pythons (Sewer)
  12 giant cockroaches
  7 hobgoblins
  26 kobolds
  8 quokkas
  9 bats
  10 frilled lizards
  A giant cockroach zombie (D:5)
  15 goblins
  A jackal skeleton (D:9)
  A leopard gecko skeleton (D:4)
  A leopard gecko zombie (D:5)
  A quokka skeleton (D:6)
  A quokka zombie (D:7)
  27 rats
  3 crawling corpses
  2 fungi
  A plant (Snake:1)
1333 creatures vanquished.

Vanquished Creatures (others)
  4 slaves (D:8)
  A worker ant (D:8)
  A quokka (D:8)
  5 fungi
  4 plants
15 creatures vanquished.

Grand Total: 1348 creatures vanquished

Notes
Turn   | Place    | Note
-------+----------+-------------------------------------------
     0 | D:1      | Johnny the Demigod Earth Elementalist began the quest for
                  | the Orb.
     0 | D:1      | Reached XP level 1. HP: 14/14 MP: 5/5
   174 | D:1      | Reached skill level 3 in Earth Magic
   229 | D:1      | Reached XP level 2. HP: 21/22 MP: 2/7
   653 | D:2      | Noticed Robin
   880 | D:2      | Reached skill level 1 in Fighting
   884 | D:2      | Reached XP level 3. HP: 16/28 MP: 8/8
  1210 | D:2      | Reached XP level 4. HP: 34/35 MP: 5/10
  1238 | D:2      | Killed Robin
  1254 | D:2      | Reached skill level 4 in Earth Magic
  1371 | D:2      | Noticed Sigmund
  1379 | D:2      | Killed Sigmund
  1379 | D:2      | Reached XP level 5. HP: 25/42 MP: 6/12
  2177 | D:3      | Reached XP level 6. HP: 22/49 MP: 3/13
  2179 | D:3      | Reached skill level 5 in Earth Magic
  2418 | D:3      | Found a transporter.
  2419 | D:3      | Noticed Scuka's ghost (amateur BaFi)
  2421 | D:3      | Identified the +5 dire flail "Tyiclocw" {crush, rF+ Dex+5}
  3031 | D:3      | Found a bloodstained altar of Trog.
  3156 | D:3      | Found a transporter.
  3191 | D:4      | Learned a level 3 spell: Stone Arrow
  3197 | D:4      | Learned a level 5 spell: Lee's Rapid Deconstruction
  3316 | D:4      | Found a hazy altar of Hepliaklqana.
  3435 | D:4      | Found a snail-covered altar of Cheibriados.
  3508 | D:4      | Found a shadowy altar of Dithmenos.
  3520 | D:4      | Reached XP level 7. HP: 52/56 MP: 0/15
  3935 | D:4      | Reached skill level 6 in Earth Magic
  4077 | D:5      | Entered Level 5 of the Dungeon
  4102 | D:5      | Found a glowing drain.
  4115 | Sewer    | Entered a sewer
  5032 | D:5      | Reached XP level 8. HP: 23/62 MP: 16/18
  5033 | D:5      | Reached skill level 7 in Earth Magic
  5624 | D:5      | Found a staircase to the Ecumenical Temple.
  5816 | D:6      | You fall into a shaft and drop 2 floors!
  5816 | D:8      | Noticed Harold
  5893 | D:9      | Found a glowing golden altar of the Shining One.
  5935 | D:9      | Found Rayhal's Gadget Emporium.
  5940 | D:9      | Noticed a hippogriff
  5945 | D:9      | Killed a hippogriff
  5945 | D:9      | Reached skill level 5 in Spellcasting
  5955 | D:9      | Reached skill level 8 in Earth Magic
  6063 | D:9      | Found a staircase to the Orcish Mines.
  6084 | D:9      | Found a stormy altar of Qazlal.
  6133 | D:8      | Noticed Pikel
  6228 | D:8      | Reached skill level 5 in Dodging
  6240 | D:8      | Killed Pikel
  6240 | D:8      | Reached XP level 9. HP: 30/68 MP: 6/21
  6266 | D:8      | Reached skill level 9 in Earth Magic
  6771 | D:6      | Found an ancient bone altar of Kikubaaqudgha.
  7810 | D:7      | Noticed Menkaure
  7811 | D:7      | Killed Menkaure
  7848 | D:7      | Found Asiuzuj's Weapon Boutique.
  7851 | D:7      | Bought 23 stones for 29 gold pieces
  7879 | D:7      | Found an ancient bone altar of Kikubaaqudgha.
  8015 | D:8      | Got a faintly glowing ruby amulet
  8054 | D:8      | Found a glowing silver altar of Zin.
  8061 | D:8      | Found an opulent altar of Gozag.
  8213 | D:8      | Found a staircase to the Lair.
  8217 | D:8      | Reached skill level 10 in Earth Magic
  8389 | D:8      | Learned a level 4 spell: Petrify
  8505 | D:9      | Reached XP level 10. HP: 34/74 MP: 17/23
  8708 | D:9      | Noticed a three-headed hydra
  8712 | D:9      | Killed a three-headed hydra
  8913 | D:9      | Killed Harold
  9035 | D:9      | Found a blossoming altar of Fedhas.
  9230 | D:10     | Entered Level 10 of the Dungeon
  9230 | D:10     | Noticed a two-headed ogre
  9237 | D:10     | Killed a two-headed ogre
  9237 | D:10     | Reached skill level 11 in Earth Magic
  9275 | D:10     | Identified the amulet of Surprise {Faith rC+} (You found it
                  | on level 8 of the Dungeon)
  9724 | D:10     | Noticed a tengu warrior
  9731 | D:10     | Killed a tengu warrior
  9731 | D:10     | Reached XP level 11. HP: 51/80 MP: 6/26
 10242 | D:11     | Killed an unseen horror
 10432 | D:11     | Noticed a six-headed hydra
 10440 | D:11     | Killed a six-headed hydra
 10440 | D:11     | Reached skill level 12 in Earth Magic
 10619 | D:11     | Noticed a four-headed hydra
 10624 | D:11     | Killed a four-headed hydra
 10736 | D:11     | Found Byeq Huaqoda's Distillery.
 10744 | D:11     | Bought a potion of heal wounds for 70 gold pieces
 10744 | D:11     | Bought a potion of lignification for 42 gold pieces
 10744 | D:11     | Bought a potion of resistance for 140 gold pieces
 10744 | D:11     | Bought a potion of brilliance for 56 gold pieces
 10744 | D:11     | Bought a potion of heal wounds for 70 gold pieces
 10744 | D:11     | Bought a potion of might for 56 gold pieces
 11239 | D:12     | Noticed Azrael
 11249 | D:12     | Killed Azrael
 11545 | D:12     | Noticed a two-headed ogre
 11551 | D:12     | Killed a two-headed ogre
 11761 | D:12     | Reached skill level 13 in Earth Magic
 12188 | D:13     | Noticed a centaur warrior
 12191 | D:13     | Noticed a rakshasa
 12193 | D:13     | Killed a centaur warrior
 12195 | D:13     | Killed a rakshasa
 12195 | D:13     | Reached XP level 12. HP: 81/86 MP: 5/29
 12445 | D:13     | Found Natinil's Gadget Emporium.
 12588 | D:13     | Noticed a centaur warrior
 12645 | D:13     | Killed a centaur warrior
 13147 | D:13     | Noticed a centaur warrior
 13151 | D:13     | Killed a centaur warrior
 13328 | D:14     | Noticed an eight-headed hydra
 13365 | D:14     | Killed an eight-headed hydra
 13365 | D:14     | Reached skill level 14 in Earth Magic
 13425 | D:14     | Reached skill level 10 in Dodging
 13783 | D:14     | Found a gate to the Vaults.
 13824 | D:14     | Found Xazinkirr's Antique Armour Shoppe.
 14106 | D:14     | Got a fabulously ornate robe
 14107 | D:14     | Identified the +1 robe of Asurchume {Int+3} (You found it
                  | on level 14 of the Dungeon)
 14288 | D:15     | Entered Level 15 of the Dungeon
 14307 | D:15     | Reached XP level 13. HP: 85/93 MP: 19/31
 14321 | D:15     | Reached skill level 10 in Spellcasting
 14859 | Orc:1    | Entered Level 1 of the Orcish Mines
 15052 | Orc:1    | Found Orim's Armour Shop.
 15056 | Orc:1    | Found a roughly hewn altar of Beogh.
 15074 | Orc:1    | Reached skill level 15 in Earth Magic
 15254 | Orc:1    | Found Loss's Armour Boutique.
 15497 | Orc:1    | Found Ithisi's Gadget Shoppe.
 15514 | Orc:1    | You fall into a shaft and drop 1 floor!
 15514 | Orc:2    | Entered Level 2 of the Orcish Mines
 15683 | Orc:2    | Noticed Nessos
 15695 | Orc:2    | Killed Nessos
 15699 | Orc:2    | Noticed Snorg
 15748 | Orc:2    | Killed Snorg
 16089 | Orc:2    | Noticed Erolcha
 16093 | Orc:2    | Killed Erolcha
 16243 | Orc:2    | Found Xuad's Jewellery Shop.
 16245 | Orc:2    | Found Zadduq's Gadget Emporium.
 16245 | Orc:2    | Found Qodax's Food Shoppe.
 16250 | Orc:2    | Found Besuov's Assorted Antiques.
 16368 | Orc:2    | Found a staircase to the Elven Halls.
 16473 | Orc:1    | Found Zick's Food Boutique.
 16553 | Orc:1    | Found Xaxziotoca's Antique Armour Boutique.
 16749 | Lair:1   | Entered Level 1 of the Lair of Beasts
 16930 | Lair:1   | Reached XP level 14. HP: 92/100 MP: 28/33
 16961 | Lair:1   | Reached skill level 16 in Earth Magic
 17674 | Lair:2   | Found a transporter.
 17701 | Lair:2   | Found a transporter.
 17912 | Lair:2   | Noticed Sonja
 17915 | Lair:2   | Killed Sonja
 18711 | Lair:3   | Noticed Urug
 18718 | Lair:3   | Killed Urug
 18824 | Lair:3   | You fall into a shaft and drop 3 floors!
 18824 | Lair:6   | Entered Level 6 of the Lair of Beasts
 19457 | Lair:6   | Found a staircase to the Slime Pits.
 19842 | Lair:6   | Reached skill level 17 in Earth Magic
 20633 | Lair:5   | Found a runed translucent door.
 20633 | Lair:5   | Found a shimmering altar of Xom.
 20633 | Lair:5   | Noticed Hops's ghost (journeyman MiBe)
 21401 | Lair:4   | Found a staircase to the Snake Pit.
 21482 | Lair:4   | Reached XP level 15. HP: 30/105 MP: 22/36
 21698 | Lair:4   | You fall into a shaft and drop 1 floor!
 21791 | Lair:4   | Found a staircase to the Shoals.
 22003 | Lair:4   | Found a runed translucent gate.
 22004 | Lair:4   | Found a runed translucent gate.
 22005 | Lair:4   | Found a runed translucent gate.
 22010 | Lair:4   | Noticed Zaegoraum's ghost (journeyman DsAK)
 22240 | Lair:4   | Killed Zaegoraum's ghost
 22846 | Snake:1  | Entered Level 1 of the Snake Pit
 23465 | Snake:1  | Reached skill level 5 in Fighting
 24672 | Elf:1    | Entered Level 1 of the Elven Halls
 24756 | Elf:1    | Reached skill level 18 in Earth Magic
 25099 | Elf:1    | Found a portal to a secret trove of treasure.
 25310 | Elf:1    | Found Bociff's Armour Emporium.
 25313 | Elf:1    | Bought a +1 hat of intelligence for 240 gold pieces
 25366 | Elf:1    | Found Aheagh's General Store.
 25514 | Elf:1    | Found Ogajon's Gadget Emporium.
 25894 | Elf:1    | Found Pomah's Antique Armour Emporium.
 25902 | Elf:1    | Bought a pair of smoking gloves for 209 gold pieces
 25912 | Elf:1    | Identified the +0 pair of gloves of Roixohiu {Slay+2} (You
                  | bought it in a shop on level 1 of the Elven Halls)
 26434 | Elf:2    | Reached XP level 16. HP: 115/128 MP: 5/38
 27112 | Elf:2    | Reached skill level 19 in Earth Magic
 27232 | Elf:2    | Found a runed translucent gate.
 27232 | Elf:2    | Found a runed translucent gate.
 27232 | Elf:2    | Found a runed translucent gate.
 27714 | Elf:2    | Reached skill level 10 in Fighting
 28282 | Elf:3    | Entered Level 3 of the Elven Halls
 28852 | Elf:3    | Reached XP level 17. HP: 146/146 MP: 27/40
 28957 | Elf:3    | Identified Xurrughu's Incunabulum of Calling
 29213 | Elf:3    | Noticed a deep elf blademaster
 29215 | Elf:3    | Killed a deep elf blademaster
 29602 | Elf:3    | Identified the +7 short sword of Ru's Supremacy {antimagic,
                  | Str+3 Dex+3}
 29605 | Elf:3    | Noticed a deep elf blademaster
 29615 | Elf:3    | Killed a deep elf blademaster
 29952 | Elf:3    | Identified the +8 quarterstaff of the End {freeze, rF- rC+
                  | Int+2}
 30463 | Elf:3    | Got a crystal trident
 30485 | Elf:3    | Got a jewelled ring mail
 30488 | Elf:3    | Identified the +1 trident "Aproixau" {freeze, rF+ rN+ MR+}
                  | (You found it on level 3 of the Elven Halls)
 30516 | Elf:3    | Got a shimmering morningstar
 30879 | D:11     | Bought 2 potions of haste for 280 gold pieces
 30879 | D:11     | Bought a potion of heal wounds for 70 gold pieces
 30879 | D:11     | Bought a potion of invisibility for 112 gold pieces
 30879 | D:11     | Bought a potion of flight for 42 gold pieces
 30879 | D:11     | Bought a potion of brilliance for 56 gold pieces
 31460 | D:15     | Found a staircase to the Depths.
 31902 | Shoals:1 | Entered Level 1 of the Shoals
 32192 | Shoals:1 | Identified the +5 ring mail of Esmach {rPois rC- MR+} (You
                  | found it on level 3 of the Elven Halls)
 32468 | Shoals:1 | Got a bloodstained helmet
 32483 | Shoals:1 | Identified the +5 helmet of Queghic {+Blink} (You found it
                  | on level 1 of the Shoals)
 32726 | Shoals:2 | Identified a scroll of acquirement
 32726 | Shoals:2 | Identified the Tome of the Harmful Rocks (You acquired it
                  | on level 2 of the Shoals)
 32737 | Shoals:2 | Learned a level 6 spell: Statue Form
 32745 | Shoals:2 | Learned a level 6 spell: Iron Shot
 32825 | Shoals:2 | You fall into a shaft and drop 1 floor!
 32858 | Shoals:2 | Noticed Louise
 32866 | Shoals:2 | Reached skill level 15 in Spellcasting
 32872 | Shoals:2 | Killed Louise
 33463 | Shoals:2 | Got a smoking rapier
 33517 | Shoals:3 | Reached skill level 20 in Earth Magic
 33832 | Shoals:3 | Noticed Polyphemus
 33842 | Shoals:3 | Reached XP level 18. HP: 154/154 MP: 15/42
 33852 | Shoals:3 | Killed Polyphemus
 34895 | Shoals:3 | Learned a level 6 spell: Ozocubu's Refrigeration
 34896 | Shoals:4 | Entered Level 4 of the Shoals
 34960 | Shoals:4 | Reached skill level 1 in Ice Magic
 35715 | Shoals:4 | Reached skill level 5 in Ice Magic
 36619 | Shoals:4 | Got a barnacled rune of Zot
 36993 | Shoals:4 | Got a warped hand crossbow
 37032 | Shoals:4 | Got a brightly glowing hunting sling
 37364 | Snake:2  | Identified the +5 rapier "Pudeami" {flame, rPois} (You
                  | found it on level 2 of the Shoals)
 37630 | Snake:2  | Found Faarph's Antique Weapon Boutique.
 37630 | Snake:2  | Found Huyk's Weapon Shop.
 38078 | Snake:2  | Noticed Nikola
 38085 | Snake:2  | Killed Nikola
 38153 | Snake:2  | Found Meenu's Weapon Shoppe.
 38879 | Snake:3  | Found a blossoming altar of Fedhas.
 39158 | Snake:3  | Reached skill level 10 in Ice Magic
 39288 | Snake:3  | Noticed Vashnia
 39627 | Snake:3  | Killed Vashnia
 39627 | Snake:3  | Reached XP level 19. HP: 160/160 MP: 8/44
 40078 | Snake:3  | Identified Qetaemih's Reference Book on Enchanting Moulding
 40271 | Snake:4  | Entered Level 4 of the Snake Pit
 40907 | Snake:4  | Identified the +11 hunting sling "Ramuetyt" {flame, rPois
                  | Int+4} (You found it on level 4 of the Shoals)
 42922 | Snake:4  | Got a serpentine rune of Zot
 43244 | Orc:2    | Bought a manual of Earth Magic for 2318 gold pieces
 43244 | Orc:2    | Bought a potion of curing for 63 gold pieces
 43379 | Vaults:1 | Entered Level 1 of the Vaults
 43431 | Vaults:1 | Found Ogidd's Magic Scroll Boutique.
 43438 | Vaults:1 | Shot with a bolt by a yaktaur captain

Levels and vault maps discovered:
D:1:      dpeg_arrival_prison, layout_rooms
D:2:      layout_basic, first_ration, uniq_robin, uniq_sigmund
D:3:      layout_loops_ring, lemuel_round_altar, gammafunk_ghost_smash
D:4:      layout_basic, lemuel_coloured_pillars_altar,
          nicolae_dithmenos_the_darkroom, nicolae_overflow_crystal_walls,
          serial_corexii_hall, chequers_hall_statues_y, corexii_hall_statues_t,
          chequers_hall_statues_y, chequers_hall_statues_y,
          corexii_hall_statues_deadend, chequers_hall_statues_y
D:5:      layout_basic, minmay_temple_entry_gardened_gates, portal_sewer_entry_f
D:6:      layout_basic, basic_altar, hangedman_abyss_or_decor_stagger
D:7:      layout_rooms, kennysheep_mini, serial_shops, kennysheep_mini_moat,
          uniq_menkaure
D:8:      layout_cave_pools, grunt_temple_overflow_gold_and_silver,
          grunt_lair_entry_orc_guard_hut, uniq_pikel, uniq_harold
D:9:      layout_basic, old_standard_altar, lemuel_crystal_altar,
          lemuel_round_altar, orc_0_dummy, serial_shops,
          nicolae_shop_waterfront, hangedman_ranch [blue_anna_fruit_fields]
D:10:     layout_stronghold
D:11:     layout_irregular_city, serial_shops, shop, serial_rivers,
          chequers_serial_rivers_micro_a, chequers_serial_rivers_small_a,
          chequers_serial_rivers_room_a, chequers_serial_rivers_marsh,
          chequers_serial_rivers_micro_b
D:12:     layout_basic, grunt_ministairs_14, uniq_azrael
D:13:     layout_small_grid, serial_shops, nicolae_shop_stone, fountainhead
D:14:     layout_rooms, hangedman_vaults_entry_quadrant_bands,
          chequers_serial_rivers_large_a, serial_shops,
          nicolae_shop_temple_entry_statues_fountains, hangedman_glass_teeth
D:15:     grunt_enter_depths_hoard, layout_irregular_city
Lair:1:   layout_regular_city, minmay_holes, st_stairs_7
Lair:2:   lemuel_slime, layout_regular_city, gammafunk_ghost_berserking_beasts,
          uniq_sonja
Lair:3:   layout_hall_layers, uniq_urug
Lair:4:   layout_gridlike, elwin_shoals_entry_rocks,
          minmay_snake_entry_guardpost_large, gammafunk_ghost_hydra_chop
Lair:5:   layout_regular_city, ebering_ghost_xom, infiniplex_staircase_pool
Lair:6:   minmay_lair_end_enchanted_forest, layout_regular_city,
          minmay_slime_entry_pillars
Shoals:1: cheibrodos_shoals_epimethial_gifts, layout_shoals
Shoals:2: layout_shoals, uniq_louise
Shoals:3: cheibrodos_shoals_gigantism, layout_shoals, uniq_polyphemus
Shoals:4: shoals_end_simple, layout_shoals
Snake:1:  layout_layer_cave, serial_bayou_pond_d, serial_bayou_shore_a
Snake:2:  layout_layer_cave, serial_shops, nicolae_shop_behind_doors,
          st_stairs_10, grunt_ministairs_10, minmay_shoptagon, uniq_nikola
Snake:3:  layout_misc_corridors, basic_altar, uniq_vashnia
Snake:4:  snake_pit_salamanders_mu, layout_onion
Orc:1:    layout_diamond_mine, basic_altar, serial_shops, shop,
          nicolae_shop_stone, shop, shop, shop_statue
Orc:2:    st_orc_open, layout_caves, uniq_snorg, uniq_erolcha, uniq_nessos
Elf:1:    minmay_elf_arrival_summoners, layout_onion_city, enter_trove_5,
          serial_shops, shop, nicolae_shop_waterfront,
          nicolae_shop_window_shopping, nicolae_shop_behind_doors,
          minmay_elf_crystal_heptagon
Elf:2:    layout_onion_city, grunt_ministairs_14
Elf:3:    minmay_elf_hall_spiked, layout_geoelf_grid,
          nicolae_elf_glass_and_crystal_pillar_2, minmay_elf_demonology,
          grunt_megastairs_4
Vaults:1: v_misc_4, vaults_dpeg_diagonal, grunt_tower_of_power,
          ontoclasm_vaults_bender, v_misc_32, ontoclasm_vaults_hangar,
          v_misc_14, vaults_room_fours, nicolae_vaults_little_squares_2,
          vaults_mumra_minichess_inversion, vaults_mumra_hexcomb,
          nicolae_vaults_yaktaur_gun_rack, vaults_room_door_ring,
          ontoclasm_vaults_pinch, v_alt_pattern_4, layout_vaults_maze_bifur,
          serial_shops, shop, uniq_asterion

Skill      XL: |  1  2  3  4  5  6  7  8  9 10 11 12 13 14 15 16 17 18 19 |
---------------+----------------------------------------------------------+-----
Earth Magic    | 3 4 5 6 8 10 11 13 14 15 17 18 19 20 | 20.2
Spellcasting   | 2 3 4 5 6 7 8 9 10 11 12 14 15 16 | 16.0
Fighting       | 1 2 8 11 12 | 12.0
Dodging        | 2 3 5 6 7 9 10 11 12 14 | 14.2
Ice Magic      | 10 12 | 12.3
Stealth        | |  1.7
Transmutations | |  0.8

Action                   |  1- 3 |  4- 6 |  7- 9 | 10-12 | 13-15 | 16-18 | 19-21 || total
-------------------------+-------+-------+-------+-------+-------+-------+-------++-------
Melee: Unarmed           |     6 |       |       |       |       |       |       ||     6
       Short sword       |    39 |    54 |   194 |   119 |       |       |       ||   406
       Whip              |       |   101 |   104 |       |       |       |       ||   205
       Trident           |       |       |       |   161 |   524 |    58 |    11 ||   754
Throw: Stone             |       |       |       |       |       |     1 |       ||     1
 Cast: Sandblast         |    31 |    38 |    97 |   104 |   462 |   330 |   157 ||  1219
       Stone Arrow       |       |     7 |     8 |    42 |   166 |   127 |    79 ||   429
       Lee's Rapid Decon |       |       |    25 |    96 |   206 |   491 |    67 ||   885
       Petrify           |       |       |       |    10 |    21 |    40 |       ||    71
       Ozocubu's Refrige |       |       |       |       |       |    16 |    22 ||    38
 Abil: Stop Flying       |       |       |       |     1 |       |       |       ||     1
Evoke: Wand              |       |       |     4 |    12 |    16 |    39 |       ||    71
       Lamp of fire      |       |       |       |       |       |     5 |       ||     5
       Lightning rod     |       |       |       |       |       |    14 |       ||    14
       Sack of spiders   |       |       |       |       |       |     4 |     1 ||     5
  Use: Scroll            |       |       |    10 |     9 |    21 |     8 |     2 ||    50
       Potion            |       |       |     2 |     2 |     4 |     4 |       ||    12
 Stab: Sleeping          |     2 |     5 |     4 |       |     3 |       |       ||    14
       Paralysed         |       |       |       |    18 |       |     1 |       ||    19
       Petrified         |       |       |       |    10 |    17 |     7 |       ||    34
       Petrifying        |       |       |       |     2 |     2 |       |       ||     4
       Distracted        |       |       |       |       |     1 |       |       ||     1
  Eat: Chunk             |     1 |     7 |    18 |    24 |    36 |    15 |       ||   101
       Ration            |       |       |     2 |     3 |     6 |     7 |     4 ||    22
Armor: Robe              |    29 |    42 |    88 |     2 |       |       |       ||   161
       Troll leather arm |       |       |       |   171 |   267 |   135 |    55 ||   628
Dodge: Dodged            |    66 |   129 |   332 |   379 |  1130 |   682 |   229 ||  2947
